 Dungeon Crawl Stone Soup version 0.27.1-1-g398f81649c (webtiles) character file.

Game seed: 2238242978646343471

4479 Borgoz the Carver (level 10, -6/64 HPs)
             Began as a Gargoyle Berserker on Sept 21, 2021.
             Was an Elder of Trog.
             Mangled by a yak (9 damage)
             ... on level 10 of the Dungeon.
             The game lasted 00:08:59 (7978 turns).

Borgoz the Carver (Gargoyle Berserker)              Turns: 7978, Time: 00:09:00

Health: -6/64      AC: 14    Str: 27    XL:     10   Next: 38%
Magic:  10/10      EV: 13    Int:  8    God:    Trog [****..]
Gold:   406        SH:  0    Dex: 12    Spells: 9/9 levels left

rFire    + . .     SeeInvis .   a - +1 scimitar (flame)
rCold    . . .     Faith    .   (no shield)
rNeg     + . .     Spirit   .   d - +0 troll leather armour
rPois    ∞         Reflect  .   (no helmet)
rElec    +         Harm     .   (no cloak)
rCorr    .         Rampage  .   (no gloves)
Will     .....                  o - +1 pair of boots
Stlth    +.........             (no amulet)
HPRegen  1.20/turn              n - +6 ring of strength
MPRegen  0.12/turn              y - ring of protection from fire

@: about to teleport
A: sickness immunity, AC +7, negative energy resistance 1, electricity
resistance, torment resistance 1, petrification resistance
a: Renounce Religion, Berserk, Trog's Hand, Brothers in Arms


You were on level 10 of the Dungeon.
You worshipped Trog.
Trog was greatly pleased with you.
You visited 1 branch of the dungeon, and saw 9 of its levels.

You collected 406 gold pieces.

Inventory:

Hand Weapons
 a - a +1 scimitar of flaming (weapon)
 b - a +0 great sword of draining
Armour
 d - a +0 troll leather armour (worn)
 o - a +1 pair of boots (worn)
 s - +0 acid dragon scales
Jewellery
 c - a ring of protection from cold
 n - a +6 ring of strength (left hand)
 p - a ring of flight
 v - a ring of fire
 y - a ring of protection from fire (right hand)
Wands
 r - a wand of flame (53)
Scrolls
 f - a scroll of fog
 l - 2 scrolls of blinking {unknown}
 A - 3 scrolls of teleportation
Potions
 e - 2 potions of degeneration {unknown}
 g - 2 potions of flight {unknown}
 h - a potion of mutation
 j - a potion of magic {unknown}
 k - 2 potions of berserk rage {unknown}
 m - a potion of haste {unknown}
 q - a potion of cancellation
 t - a potion of resistance {unknown}
 x - 3 potions of curing {unknown}


   Skills:
 + Level 8.0 Fighting
 * Level 9.1 Long Blades
 + Level 7.6 Armour
 + Level 5.7 Dodging


You had 9 spell levels left.
You didn't know any spells.
Your spell library was empty.

Dungeon Overview and Level Annotations

Branches:
Dungeon (9/15)             Temple (0/1) D:5            Lair (0/6) D:9
    Orc: D:9-12

Altars:
Xom


Innate Abilities, Weirdness & Mutations

You are immune to sickness and miasma.
Your stone body is resilient. (AC +7)
You are immune to poison.
You resist negative energy. (rN+)
You are resistant to electric shocks. (rElec)
You are resistant to unholy torment.
You are immune to petrification.


Message History

b - a +0 great sword of draining (weapon)
You now have 406 gold pieces (gained 19).
Things that are here:
a +4 falchion of freezing; the human corpse of Maggie The orc warrior shouts!
An orc warrior is nearby!
An orc warrior is nearby!
You fall into a shaft and drop 1 floor!
The shaft crumbles and collapses.
Found a stone staircase leading down.
Your +1 scimitar of flaming bursts into flame!
a - a +1 scimitar of flaming (weapon)
Found 18 stones.
Found a scroll of noise.
No target in view!
Found an escape hatch in the floor.
There is an escape hatch in the floor here.
A two-headed ogre comes into view. It is wielding two +0 giant clubs.
The two-headed ogre shouts in stereo!
A yak comes into view.
The yak bellows!
You hear a bellow!
A yak comes into view.
A yak comes into view.
Found 10 sling bullets.
The yak bellows!
You fail to use your ability.
The yak bellows!
A yak comes into view.
You fail to use your ability.
The two-headed ogre hits you with a +0 giant club!! x2
You are too injured to fight recklessly!
You are too injured to fight recklessly!
You are too injured to fight recklessly!
You fail to use your ability.
The two-headed ogre barely misses you.
The two-headed ogre hits you with a +0 giant club!!
* * * LOW HITPOINT WARNING * * *
Okay, then.
As you read the scroll of teleportation, it crumbles to dust.
You feel strangely unstable. The yak gores you!
You die...

. .. ..( .... ..Y..
....Y.##################
....Y.O@...........>....
......Y.................
########################


You could see a two-headed ogre and 4 yaks.

Vanquished Creatures
  Joseph (D:9)
  Maggie (D:9)
  2 trolls (D:9)
  4 yaks (D:9)
  Sigmund (D:4)
  Menkaure (D:7)
  Duvessa (D:6)
  2 water moccasins
  A sky beast (D:6)
  An ice beast (D:6)
  5 necrophages
  2 ogres
  5 centaurs
  A phantom (D:4)
  A bullfrog (D:6)
  A gnoll sergeant (D:7)
  A water moccasin zombie (D:5)
  Dowan (D:6)
  3 wights (D:6)
  An electric eel (D:9)
  A howler monkey (D:7)
  A centaur zombie (D:6)
  A centaur skeleton (D:4)
  2 hounds
  An orc priest (D:6)
  A bullfrog skeleton (D:4)
  Jessica (D:3)
  2 iguanas (D:6)
  Natasha (thrice) (D:4)
  4 orc wizards (D:6)
  A hound skeleton (D:4)
  3 gnolls (D:7)
  4 adders
  A shadow imp (D:3)
  A white imp (D:6)
  An adder skeleton (D:4)
  A worm (D:2)
  13 orcs
  7 bats
  8 endoplasms
  4 giant cockroaches
  5 goblins
  9 hobgoblins
  2 jackals (D:3)
  4 quokkas
  5 ball pythons
  3 frilled lizards
  8 kobolds
  3 rats (D:1)
136 creatures vanquished.

Vanquished Creatures (others)
  An orc priest (D:6)
1 creature vanquished.

Grand Total: 137 creatures vanquished

Notes
Turn   | Place    | Note
-------+----------+-------------------------------------------
     0 | D:1      | Borgoz the Gargoyle Berserker began the quest for the Orb.
     0 | D:1      | Reached XP level 1. HP: 14/14 MP: 1/1
    85 | D:1      | Reached XP level 2. HP: 19/19 MP: 2/2
   200 | D:1      | Reached skill level 3 in Long Blades
   654 | D:1      | Reached XP level 3. HP: 23/23 MP: 3/3
   667 | D:1      | Reached ** piety under Trog
   886 | D:2      | Found a faded altar of an unknown god.
  1152 | D:2      | Reached XP level 4. HP: 26/29 MP: 4/4
  1913 | D:3      | Found a shimmering altar of Xom.
  2400 | D:3      | Noticed Jessica
  2412 | D:3      | Killed Jessica
  2413 | D:3      | Reached XP level 5. HP: 33/33 MP: 5/5
  2722 | D:4      | Reached skill level 4 in Long Blades
  2810 | D:4      | Noticed a water moccasin
  2830 | D:4      | HP: 1/49 [water moccasin (4)]
  2834 | D:4      | Killed a water moccasin
  2835 | D:4      | Reached XP level 6. HP: 1/39 MP: 6/6
  3187 | D:4      | Noticed Sigmund
  3196 | D:4      | Killed Sigmund
  3338 | D:4      | Noticed Natasha
  3348 | D:4      | Reached skill level 5 in Long Blades
  3348 | D:4      | Reached XP level 7. HP: 44/44 MP: 7/7
  3351 | D:4      | Killed Natasha
  3504 | D:4      | Reached *** piety under Trog
  3514 | D:4      | Reached skill level 5 in Fighting
  3571 | D:4      | Noticed Natasha
  3582 | D:4      | Killed Natasha
  3739 | D:4      | Noticed Natasha
  3752 | D:4      | Killed Natasha
  4249 | D:5      | Entered Level 5 of the Dungeon
  4449 | D:5      | Found a staircase to the Ecumenical Temple.
  4518 | D:5      | Reached XP level 8. HP: 50/50 MP: 8/8
  4675 | D:5      | You are sucked into a shaft and drop 2 floors!
  4685 | D:7      | Noticed Menkaure
  4773 | D:6      | Reached skill level 6 in Long Blades
  4773 | D:6      | Reached skill level 5 in Armour
  4981 | D:6      | HP: 1/51 [wight (2)]
  5126 | D:6      | Noticed Duvessa
  5127 | D:6      | Noticed Dowan
  5140 | D:6      | Killed Dowan
  5145 | D:6      | Killed Duvessa
  5320 | D:6      | Reached skill level 7 in Long Blades
  5320 | D:6      | Reached XP level 9. HP: 46/56 MP: 9/9
  5934 | D:6      | Reached **** piety under Trog
  6766 | D:7      | Reached skill level 5 in Dodging
  6798 | D:7      | Killed Menkaure
  6799 | D:7      | Reached skill level 8 in Long Blades
  6968 | D:7      | You fall into a shaft and drop 2 floors!
  6969 | D:9      | Noticed a troll
  6977 | D:9      | Killed a troll
  6982 | D:9      | Noticed a troll
  7254 | D:9      | Found a staircase to the Lair.
  7258 | D:9      | Noticed Joseph
  7277 | D:9      | Killed Joseph
  7278 | D:9      | Reached XP level 10. HP: 63/63 MP: 10/10
  7751 | D:9      | Reached skill level 9 in Long Blades
  7838 | D:9      | Noticed Maggie
  7852 | D:9      | Killed Maggie
  7918 | D:9      | You fall into a shaft and drop 1 floor!
  7918 | D:10     | Entered Level 10 of the Dungeon
  7972 | D:10     | Noticed a two-headed ogre
  7977 | D:10     | HP: 2/64 [two-headed ogre (22)]
  7978 | D:10     | Mangled by a yak

Illustrated notes

Levels and vault maps discovered:
D:1:      heliophobic_arrival_glass_houses, layout_rooms, hex_medium
D:2:      layout_loops_cross, hellmonk_ecumenical_altar_zigzags,
          chequers_serial_rivers_large_a
D:3:      layout_basic, nicolae_overflow_crystal_walls, uniq_jessica
D:4:      layout_loops_ring, minmay_fountain_box, uniq_sigmund, uniq_natasha
D:5:      layout_basic, chequers_temple_overflow_minitemple, temple_pool_b
D:6:      layout_loops_ring, uniq_duvessa
D:7:      layout_cave_pools, nicolae_water_bricks, uniq_menkaure
D:9:      cheibrodos_helix_gallery, layout_basic, lair_entry_dummy, orc_0_dummy,
          serial_shops, nicolae_shop_overgrown_old_shop, uniq_erica,
          uniq_maggie, uniq_joseph
D:10:     layout_long_grid, nicolae_overflow_hidden_temple, uniq_erolcha,
          uniq_grum, uniq_snorg

Skill      XL: |  1  2  3  4  5  6  7  8  9 10 |
---------------+-------------------------------+-----
Long Blades    | 3 4 5 7 8 9 |  9.1
Dodging        | 2 3 4 5 |  5.7
Armour         | 3 4 5 7 |  7.6
Fighting       | 4 5 6 7 8 |  8.0

Action                   |  1- 3 |  4- 6 |  7- 9 | 10-12 || total
-------------------------+-------+-------+-------+-------++-------
Melee: Falchion          |   132 |    83 |   348 |    41 ||   604
       Great sword       |       |    32 |       |       ||    32
Invok: Berserk           |       |     4 |     8 |     1 ||    13
       Trog's Hand       |       |       |     4 |     1 ||     5
  Use: Scroll            |       |     3 |    10 |     1 ||    14
       Potion            |       |       |     4 |       ||     4
 Stab: Invisible         |       |       |     2 |       ||     2
Armor: Ring mail         |    72 |    53 |   187 |     7 ||   319
       Animal skin       |     1 |       |       |       ||     1
Dodge: Dodged            |   102 |    62 |   229 |    30 ||   423
       Rpst.: Falchion   |    32 |    18 |    64 |     6 ||   120
       Great sword       |       |     4 |       |       ||     4
